 Dungeon Crawl Stone Soup version 0.19.5 (webtiles) character file.

10754 sankara the Cruncher (level 11, -5/101 HPs)
             Began as a Minotaur Gladiator on Mar 15, 2017.
             Was an Elder of Ashenzari.
             Slain by a water elemental (12 damage)
             ... on level 12 of the Dungeon.
             The game lasted 00:21:30 (9132 turns).

sankara the Cruncher (Minotaur Gladiator)           Turns: 9132, Time: 00:21:30

Health: -5/101     AC: 24    Str: 20      XL:     11   Next: 40%
Magic:  10/10      EV: 11    Int:  3 (5)  God:    Ashenzari [****..]
Gold:   680        SH:  0    Dex: 13 (14) Spells: 0 memorised, 10 levels left

rFire  + . .     SeeInvis +     a - +0 quarterstaff (curse)
rCold  . . .     Gourm    .     D - +0 plate armour
rNeg   . . .     Faith    +     (shield currently unavailable)
rPois  +         Spirit   .     c - +0 hat (curse)
rElec  .         Reflect  .     v - +2 cloak {+Inv} (curse)
rCorr  .         Harm     .     l - +0 pair of gloves
MR     .....     Clarity  +     w - +1 pair of boots {Stlth+} (curse)
Stlth  ..........               O - amulet of faith
                                V - ring of poison resistance
                                N - ring of protection from fire

@: confused, engulfed (cannot breathe), flying
A: retaliatory headbutt, horns 2
a: Curse Item, Scrying, Renounce Religion, Evoke Invisibility


You were on level 12 of the Dungeon.
You worshipped Ashenzari.
Ashenzari was greatly pleased with you.
You were not hungry.

You visited 2 branches of the dungeon, and saw 13 of its levels.

You collected 680 gold pieces.

Inventory:

Hand Weapons
 a - a cursed +0 quarterstaff (weapon)
 C - a +3 quarterstaff of chaos
Missiles
 d - 4 throwing nets
 h - 5 poisoned javelins (quivered)
Armour
 c - a cursed +0 hat (worn)
 l - a +0 pair of gloves (worn)
 v - a cursed +2 cloak of invisibility (worn)
 w - a cursed +1 pair of boots of stealth (worn)
 D - a +0 plate armour (worn)
Jewellery
 z - an uncursed ring of fire
 N - a ring of protection from fire (left hand)
 O - an amulet of faith (around neck)
 Q - the amulet "Fumaz" {RegenMP Int+4 Dex+4}
   (You found it on level 7 of the Dungeon)

   [amulet of magic regeneration]

   It increases your magic regeneration.
   It affects your intelligence (+4).
   It affects your dexterity (+4).
 S - an uncursed ring of flight
 V - a ring of poison resistance (right hand)
Wands
 i - a wand of slowing (23/48)
 m - a wand of random effects (13/48)
 F - a wand of polymorph (17/24)
 L - a wand of flame (29/48)
 R - a wand of slowing (13/48)
 T - a wand of acid (7/15)
 U - a wand of flame (37/48)
 W - a wand of slowing (23/48)
Scrolls
 b - a scroll of enchant armour {unknown}
 e - 7 scrolls of amnesia {unknown}
 j - 4 scrolls of recharging {unknown}
 o - 18 scrolls of identify {unknown}
 p - 3 scrolls of teleportation {unknown}
 r - 4 scrolls of fear {unknown}
 t - a scroll of remove curse
 y - 2 scrolls of noise {unknown}
 B - 2 scrolls of enchant weapon {unknown}
 H - a scroll of magic mapping {unknown}
 I - 3 scrolls of immolation {unknown}
 X - 2 scrolls of acquirement {unknown}
 Y - a scroll of random uselessness {unknown}
Potions
 k - a potion of magic
 n - 6 potions of curing
 q - a potion of invisibility
 u - 3 potions of agility
 x - 4 potions of ambrosia
 A - a potion of flight
 E - 2 potions of might {unknown}
 M - 2 potions of heal wounds {unknown}
 P - 2 potions of haste {unknown}
Books
 K - a book of Frost

   Spells                             Type                      Level
   a - Freeze                         Ice                          1
   b - Throw Frost                    Conjuration/Ice              2
   c - Ozocubu's Armour               Charms/Ice                   3
   d - Throw Icicle                   Conjuration/Ice              4
   e - Summon Ice Beast               Ice/Summoning                4
Comestibles
 f - 5 bread rations
 g - 7 meat rations
 s - 24 fruits
 G - 4 beef jerkies
 J - 2 royal jellies
 Z - 6 chunks of flesh


   Skills:
 + Level 10.5 Fighting
 - Level 12.0(16.1) Staves
 - Level 2.0 Throwing
 + Level 10.4(13.6) Armour
 + Level 10.4 Dodging


You had 10 spell levels left.
You didn't know any spells.

Dungeon Overview and Level Annotations

Branches:
Dungeon (12/15)            Temple (1/1) D:6            Lair (0/6) D:11
    Orc (0/2) D:9

Altars:
Ashenzari
Cheibriados
Dithmenos
Elyvilon
Fedhas
Gozag
Hepliaklqana
Kikubaaqudgha
Makhleb
Nemelex Xobeh
Okawaru
Qazlal
Ru
Sif Muna
Trog
Uskayaw
Vehumet
Xom
Yredelemnul
Zin
The Shining One

Shops:
D:12 (


Innate Abilities, Weirdness & Mutations

You reflexively headbutt those who attack you in melee.
You have a pair of horns on your head.


Message History

* * * LOW HITPOINT WARNING * * *
Your lungs strain for air!
The water elemental hits you.
The water elemental completely misses you.
You hit the water elemental.
The water elemental is lightly damaged.
* * * LOW HITPOINT WARNING * * *
Your lungs strain for air!
The water elemental barely misses you. The water elemental hits you!
* * * LOW HITPOINT WARNING * * *
Okay, then.
It was a potion of flight.
You feel very buoyant.
You fly up into the air.
* * * LOW HITPOINT WARNING * * *
Your lungs strain for air!
The water elemental hits you.
* * * LOW HITPOINT WARNING * * *
The water elemental hits you!
You die...

*#### * *** ##†≈≈##* ** ,
##..≈≈≈≈≈ ,, , ,
#####...$≈≈≈≈ ,,*
##....@E†≈≈≈≈≈ ....,*
#......E.≈≈≈≈≈≈ ......
#...[.....≈≈≈≈ ......*
##.####....≈≈≈≈ *
......####..##.##..†≈≈≈≈*
,
................###..≈##
, ..........######..#####
* ###.......+ , , , ,, *
* ..#...)...# ,, *


You could see 2 water elementals.

Vanquished Creatures
  A hydra (D:9)
  Erica (D:8)
  An unseen horror (D:11)
  A hill giant (D:10)
  An ugly thing (D:11)
  The ghost of Paps the Covert, a novice OpAs (D:6)
  An elephant (D:11)
  The ghost of Paps the Covered, a novice GrFi (D:4)
  Prince Ribbit (D:8)
  A two-headed ogre (D:9)
  4 hippogriffs
  Grinder (D:3)
  Sigmund (D:6)
  A yak (D:11)
  A water elemental (D:12)
  5 sky beasts
  5 orc warriors
  3 ice beasts
  A phantom (D:10)
  7 ogres
  2 centaurs
  A necrophage (D:10)
  The ghost of Paps the Covered, an amateur GrFi (D:3)
  A crocodile (D:11)
  2 big kobolds
  Blork the orc (D:6)
  7 bullfrogs
  2 scorpions
  5 wights
  A crimson imp (D:10)
  A howler monkey (D:6)
  3 centaur zombies
  A bullfrog zombie (D:4)
  8 jellies
  2 quasits
  7 hounds
  A bullfrog skeleton (D:5)
  Crazy Yiuf (D:3)
  2 centaur skeletons
  3 orc priests
  6 orc wizards
  Terence (D:3)
  6 iguanas
  9 worker ants
  A hound zombie (D:4)
  A hound skeleton (D:9)
  A howler monkey zombie (D:4)
  2 worker ant zombies (D:4)
  Robin (D:2)
  10 adders
  A howler monkey skeleton (D:4)
  3 shadow imps
  An ooze (D:4)
  4 adder zombies
  3 adder skeletons
  2 worms (D:2)
  A dart slug (D:2)
  9 leopard geckos
  31 orcs
  10 bats
  2 giant cockroaches
  7 goblins
  9 hobgoblins
  14 jackals
  8 quokkas
  4 frilled lizards
  A jackal zombie (D:4)
  10 kobolds
  3 leopard gecko skeletons (D:4)
  A leopard gecko zombie (D:8)
  2 quokka zombies (D:4)
  5 rats
260 creatures vanquished.

Notes
Turn   | Place    | Note
-------+----------+-------------------------------------------
     0 | D:1      | sankara the Minotaur Gladiator began the quest for the Orb.
     0 | D:1      | Reached XP level 1. HP: 18/18 MP: 0/0
   134 | D:1      | Reached XP level 2. HP: 20/25 MP: 1/1
   182 | D:1      | Reached skill level 4 in Staves
   620 | D:2      | Reached skill level 1 in Armour
   620 | D:2      | Reached XP level 3. HP: 30/30 MP: 2/2
   948 | D:2      | Noticed Robin
   954 | D:2      | Killed Robin
  1167 | D:2      | Reached XP level 4. HP: 37/37 MP: 3/3
  1183 | D:2      | Reached skill level 5 in Staves
  1670 | D:3      | Noticed Grinder
  1680 | D:3      | Killed Grinder
  1680 | D:3      | Reached skill level 6 in Staves
  1680 | D:3      | Reached XP level 5. HP: 25/46 MP: 4/4
  1680 | D:3      | Reached XP level 6. HP: 29/52 MP: 5/5
  1832 | D:3      | Noticed Paps's ghost (amateur GrFi)
  1837 | D:3      | Noticed Terence
  1839 | D:3      | Killed Paps's ghost
  1846 | D:3      | Killed Terence
  2173 | D:3      | Found a runed door.
  2324 | D:3      | Noticed Crazy Yiuf
  2330 | D:3      | Killed Crazy Yiuf
  2382 | D:4      | Noticed Paps's ghost (novice GrFi)
  2412 | D:4      | Killed Paps's ghost
  2412 | D:4      | Reached skill level 7 in Staves
  2412 | D:4      | Reached skill level 5 in Dodging
  2412 | D:4      | Reached XP level 7. HP: 31/60 MP: 6/6
  2671 | D:4      | Found a shattered altar of Ashenzari.
  2683 | D:4      | Became a worshipper of Ashenzari the Shackled
  2824 | D:4      | Reached skill level 5 in Fighting
  2996 | D:4      | Reached skill level 8 in Staves
  3046 | D:4      | Reached XP level 8. HP: 68/68 MP: 7/7
  3210 | D:5      | Entered Level 5 of the Dungeon
  3235 | D:5      | Found a blossoming altar of Fedhas.
  3558 | D:5      | Reached skill level 5 in Armour
  3567 | D:5      | Reached * piety under Ashenzari
  3628 | D:5      | Found a blossoming altar of Fedhas.
  3747 | D:6      | Noticed Blork the orc
  3760 | D:6      | Killed Blork the orc
  3760 | D:6      | Reached skill level 9 in Staves
  3774 | D:6      | Noticed Paps's ghost (novice OpAs)
  3913 | D:6      | Killed Paps's ghost
  3943 | D:6      | Reached XP level 9. HP: 78/78 MP: 8/8
  3998 | D:6      | Reached skill level 10 in Staves
  4151 | D:6      | Found a staircase to the Ecumenical Temple.
  4194 | Temple   | Entered the Ecumenical Temple
  4331 | D:6      | Found a burning altar of Makhleb.
  4369 | D:6      | Found a faded altar of an unknown god.
  4369 | D:6      | Found a faded altar of an unknown god.
  4467 | D:6      | Found a faded altar of an unknown god.
  4469 | D:6      | Found a faded altar of an unknown god.
  4471 | D:6      | Found a basalt altar of Yredelemnul.
  4543 | D:6      | Noticed Sigmund
  4557 | D:6      | Killed Sigmund
  4669 | D:6      | Found a glowing silver altar of Zin.
  4669 | D:6      | Found a glowing golden altar of the Shining One.
  4952 | D:7      | Identified the amulet "Fumaz" {RegenMP Int+4 Dex+4}
  5040 | D:7      | Reached skill level 11 in Staves
  5091 | D:7      | Reached ** piety under Ashenzari
  5186 | D:7      | Found a white marble altar of Elyvilon.
  5315 | D:8      | Noticed Erica
  5323 | D:8      | Killed Erica
  5323 | D:8      | Reached XP level 10. HP: 88/88 MP: 6/9
  5431 | D:8      | Noticed Prince Ribbit
  5608 | D:8      | Identified the +2 hand axe "Qeishron" {venom, SInv}
  5997 | D:8      | Killed Prince Ribbit
  6047 | D:9      | Reached skill level 12 in Staves
  6361 | D:9      | Found a staircase to the Orcish Mines.
  6559 | D:9      | Noticed a six-headed hydra
  6570 | D:9      | Killed a six-headed hydra
  6768 | D:10     | Entered Level 10 of the Dungeon
  6896 | D:10     | Reached *** piety under Ashenzari
  7615 | D:10     | Noticed a hill giant
  7628 | D:10     | Killed a hill giant
  7628 | D:10     | Reached XP level 11. HP: 99/99 MP: 10/10
  7897 | D:11     | Found a staircase to the Lair.
  7929 | D:11     | Reached skill level 10 in Fighting
  8108 | D:11     | Noticed a purple ugly thing
  8128 | D:11     | Killed a purple ugly thing
  8128 | D:11     | Reached skill level 10 in Armour
  8128 | D:11     | Reached skill level 10 in Dodging
  8431 | D:11     | Noticed an unseen horror
  8436 | D:11     | Killed an unseen horror
  8441 | D:11     | Reached **** piety under Ashenzari
  9072 | D:12     | Found Dist's Antique Weapon Shoppe.
  9132 | D:12     | Slain by a water elemental

Skill      XL: |  1  2  3  4  5  6  7  8  9 10 11 |
---------------+----------------------------------+-----
Staves         | 4 6 7 8 9 11 12 | 12.0
Armour         | 1 2 3 4 5 7 9 10 | 10.4
Fighting       | 3 4 5 6 7 9 10 | 10.5
Dodging        | 4 5 6 8 9 10 | 10.4
Throwing       | |  2.0

Action                   |  1- 3 |  4- 6 |  7- 9 | 10-12 || total
-------------------------+-------+-------+-------+-------++-------
Melee: Quarterstaff      |    85 |    78 |   327 |   449 ||   939
       Headbutt          |    10 |    17 |    64 |    91 ||   182
Throw: Javelin           |       |     2 |       |       ||     2
Invok: Curse Item        |       |       |     3 |     1 ||     4
 Abil: Evoke Invisibilit |       |     2 |     2 |       ||     4
       Turn Visible      |       |     1 |       |     1 ||     2
  Use: Potion            |       |     1 |       |     9 ||    10
 Stab: Invisible         |       |     2 |     2 |       ||     4
       Sleeping          |       |       |     1 |       ||     1
  Eat: Chunk             |     1 |     4 |    11 |    12 ||    28
Armor: Leather armour    |    27 |    11 |    20 |       ||    58
       Plate armour      |       |       |   195 |   176 ||   371
       Skin              |       |       |       |     1 ||     1
Dodge: Dodged            |    53 |    56 |   155 |   157 ||   421
